 Dungeon Crawl Stone Soup version 0.31.0-12-g77e489cdc1 (webtiles) character file.

Game seed: 10699795433401522336

101 Gadfly the Covered (level 4, 0/38 HPs)
             Began as an Armataur Fighter on Feb 29, 2024.
             Slain by a gnoll
             ... wielding a +0 spear
              (5 damage)
             ... on level 2 of the Dungeon.
             The game lasted 00:01:41 (1637 turns).

Gadfly the Covered (Armataur Fighter)               Turns: 1637, Time: 00:01:42

Health: 0/38       AC:  7    Str: 21    XL:     4   Next: 48%
Magic:  5/5        EV:  7    Int:  9    God:
Gold:   77         SH:  4    Dex: 11    Spells: 0/3 levels left

rFire   . . .        a - +0 flail
rCold   . . .        c - +0 buckler
rNeg    . . .        b - +0 scale mail
rPois   +            (no helmet)
rElec   .            (no cloak)
rCorr   .            (no gloves)
SInv    .            (no barding)
Will    .....        (no amulet) Stlth
                     m - ring of poison resistance
HPRegen 0.26/turn    (no ring)
MPRegen 0.09/turn

%: roll
@: no status effects
A: large, deformed body, tough skin 3, armoured tail, roll 1
a: no special abilities


You were on level 2 of the Dungeon.
You visited 1 branch of the dungeon, and saw 2 of its levels.

You collected 77 gold pieces.

Inventory:

Hand Weapons
 a - a +0 flail (weapon)
Armour
 b - a +0 scale mail (worn)
 c - a +0 buckler (worn)
Jewellery
 k - a ring of fire
 m - a ring of poison resistance (left hand)
Scrolls
 f - 2 scrolls of fog
 g - a scroll of teleportation
 j - a scroll of amnesia
Potions
 d - a potion of might
 h - a potion of cancellation
 i - a potion of lignification
 l - a potion of ambrosia


   Skills:
 + Level 3.0 Fighting
 * Level 2.6 Maces & Flails
 + Level 4.0 Armour
 + Level 3.5 Shields
 * Level 1.6 Invocations
 * Level 1.8 Evocations


You couldn't memorise any spells.
You knew the following spells:

 Your Spells              Type           Power      Damage    Failure   Level
a - Swiftness             Air            0%         N/A       98%         3

Your spell library contained the following spells:

 Spells                   Type           Power      Damage    Failure   Level
 Ensorcelled Hibernation  Hex/Ice        0%         N/A       89%         2
 Passwall                 Erth           0%         N/A       98%         3


Dungeon Overview and Level Annotations

Branches:
Dungeon (2/15)

Altars:


Innate Abilities, Weirdness & Mutations

Armour fits poorly on your strangely shaped body.
You have extremely tough skin. (AC +3)
You have a long armoured tail.
You regenerate magic when rolling toward enemies. (Rampage MPRegen)


Message History

You closely miss the adder.
The adder is heavily wounded.
You feel sick. The adder barely misses you.
The gnoll hits you from afar with a +0 spear.
The adder bites you but does no damage.
Unknown command.
You are too injured to fight recklessly!
You are too injured to fight recklessly!
Unknown command.
You hit the adder but do no damage.
The adder is heavily wounded.
You feel sick.
You are no longer poisoned.
The gnoll hits you from afar with a +0 spear.
* * * LOW HITPOINT WARNING * * *
You block the adder's attack.
You sock the adder!
You kill the adder!
The gnoll barely misses you.
A gnoll comes into view. It is wielding a +0 whip.
The gnoll hits you from afar with a +0 spear.
* * * LOW HITPOINT WARNING * * *
You roll towards the gnoll!
You closely miss the gnoll.
The gnoll shouts!
The gnoll barely misses you.
You closely miss the gnoll.
Your tail-slap misses the gnoll.
The gnoll hits you with a +0 spear.
* * * LOW HITPOINT WARNING * * *
You hit the gnoll.
The gnoll is moderately wounded.
The gnoll barely misses you. The gnoll hits you but does no damage.
The gnoll shouts!
You sock the gnoll!
The gnoll is almost dead.
The gnoll hits you with a +0 spear.
* * * LOW HITPOINT WARNING * * *
You barely miss the gnoll.
The gnoll is almost dead.
The gnoll hits you with a +0 spear.
You die...

#.....# #
##....# #.###
###..# #... #..#
#..# #..####..##
#....[....#
#.......#.#
##.####..g.#####
........@g..g...
#######.#.#.....
#.#.# ###
##########.#.#
#..........#.#
#.##########.#
#.# .# #.# .# #
#.#


You could see 3 gnolls.

Vanquished Creatures
  Natasha (twice) (D:2)
  An adder (D:2)
  6 endoplasms
  A goblin (D:1)
  6 hobgoblins
  3 jackals (D:1)
  3 quokkas
  5 ball pythons
  4 bats
  5 kobolds
  5 rats
41 creatures vanquished.

Notes
Turn   | Place    | Note
-------+----------+-------------------------------------------
     0 | D:1      | Gadfly the Armataur Fighter began the quest for the Orb.
     0 | D:1      | Reached XP level 1. HP: 18/18 MP: 1/1
   181 | D:1      | You fall into a shaft and drop 1 floor!
   182 | D:2      | Noticed Natasha
   196 | D:2      | Noticed a cerulean imp
   196 | D:2      | Killed Natasha
   197 | D:2      | Reached skill level 1 in Invocations
   197 | D:2      | Reached skill level 1 in Evocations
   197 | D:2      | Reached XP level 2. HP: 6/25 MP: 2/2
   197 | D:2      | Reached XP level 3. HP: 7/30 MP: 3/3
   262 | D:2      | Noticed Natasha
   297 | D:2      | Killed Natasha
   465 | D:1      | Found a faded altar of an unknown god.
   595 | D:1      | Reached XP level 4. HP: 37/37 MP: 5/5
   932 | D:1      | Reached skill level 4 in Armour
  1281 | D:1      | Learned a level 3 spell: Swiftness
  1637 | D:2      | Slain by a gnoll

Illustrated notes

Levels and vault maps discovered:
D:1:      dpeg_arrival_tiny_i, layout_basic,
          shapermc_ecumenical_altar_totnotflames
D:2:      layout_loops_ring, uniq_natasha

Skill      XL: |  1  2  3  4 |
---------------+-------------+-----
Maces & Flails | 2 |  2.6
Invocations    | 1 |  1.6
Evocations     | 1 |  1.8
Armour         | 4 |  4.0
Fighting       | 3 |  3.0
Shields        | |  3.5

Action                     |  1- 3 |  4- 6 || total
---------------------------+-------+-------++-------
  Melee: Flail             |    66 |    50 ||   116
         Tailslap          |     5 |     3 ||     8
    Use: Scroll            |       |    10 ||    10
 Armour: Scale mail        |    49 |    38 ||    87
  Dodge: Dodged            |    28 |    22 ||    50
  Block: Buckler           |    15 |     7 ||    22
